 Dungeon Crawl Stone Soup version 0.28-a0-664-gc179e30c89 (webtiles) character file.

Game seed: 9965162347132977401

7 Irenicus the Digger (level 1, 14/15 HPs)
             Began as a Deep Dwarf Earth Elementalist on Oct 15, 2021.
             Quit the game on level 1 of the Dungeon.
             The game lasted 00:00:38 (79 turns).

Irenicus the Digger (Deep Dwarf Earth Elementalist)   Turns: 79, Time: 00:00:38

Health: 14/15      AC:  2    Str: 11    XL:     1   Next: 91%
Magic:  0/2        EV:  9    Int: 15    God:
Gold:   13         SH:  0    Dex: 13    Spells: 2/3 levels left

rFire   . . .      SeeInvis .   a - +0 club
rCold   . . .      Faith    .   (no shield)
rNeg    . . .      Spirit   .   b - +0 robe
rPois   .          Reflect  .   (no helmet)
rElec   .          Harm     .   (no cloak)
rCorr   .          Rampage  .   (no gloves)
Will    .....                   (no boots)
Stlth   ++........              (no amulet)
HPRegen 0.00/turn               (no ring)
MPRegen 0.08/turn               (no ring)

@: constricted
A: damage resistance, heal wounds, sense surroundings 1, no regeneration
a: Heal Wounds


You were on level 1 of the Dungeon.
You visited 1 branch of the dungeon, and saw 1 of its levels.

You collected 13 gold pieces.


Innate Abilities, Weirdness & Mutations

You are resistant to damage.
You can heal yourself by infusing magical energy.
You passively map a small area around you.
You do not regenerate.


   Skills:
 - Level 2.1 Dodging
 - Level 2.4 Stealth
 - Level 1.7 Spellcasting
 - Level 0.8 Transmutations
 + Level 4.7 Earth Magic


You had 2 spell levels left.
You knew the following spells:

 Your Spells              Type           Power      Damage    Failure   Level
z - Sandblast             Erth           30%        2d9       3%          1

Your spell library contained the following spells:

 Spells                   Type           Power      Damage    Failure   Level
 Passwall                 Tmut/Erth      7%         N/A       11%         2
 Stone Arrow              Conj/Erth      16%        3d8       26%         3
 Petrify                  Tmut/Erth      9%         N/A       56%         4

Inventory:

Hand Weapons
 a - a +0 club (weapon)
Missiles
 c - 22 stones
Armour
 b - a +0 robe (worn)

Dungeon Overview and Level Annotations

Branches:
Dungeon (1/15)

Altars:

, , * , *.# * ,,, . , * *
.## * *, , .#. *..# * . * *
#...####....# #.# ##..
#......S..#...###.# ...
#.........# #SS@r.##.# ,
#.........# #####....#
#.........# #..###*
#.........# #...####..
##.........#######..†......
.####......................,
,
.#..#........#######..##..#
.'....###..### * ,.......
##.<### #.## * ,, ......


You could see a quokka and 2 ball pythons.


Message History

The ball python closely misses you. The quokka barely misses you.
You hit the quokka.
The quokka is heavily wounded.
The ball python closely misses you. The ball python barely misses you.
The quokka completely misses you. The ball python bites you.
The ball python misses you.
You barely miss the ball python. The quokka barely misses you.
The ball python bites you.
* * * LOW HITPOINT WARNING * * *
The ball python closely misses you. The quokka bites you.
Casting: Sandblast (safe; 3% risk of failure)
Confirm with . or Enter, or press ? or * to list all spells.
Aiming: Sandblast (safe; 3% risk of failure)
Press: ? - help, Shift-Dir - straight line, f/p - quokka
Aim: a quokka (heavily wounded, 71% to hit)
The blast of sand hits the quokka.
The quokka is almost dead.
The ball python bites you. The ball python grabs you.
The ball python constricts you. The quokka completely misses you.
You hit the quokka.
You kill the quokka!
The ball python closely misses you. The ball python constricts you.
The ball python bites you. The ball python constricts you.
The quokka bites you.
* * * LOW HITPOINT WARNING * * *
Use which ability? (? or * to list)
Your magical essence is drained by the effort!
You feel much better. The ball python bites you.
The ball python constricts you. The quokka bites you.
Are you sure you want to abandon this character and quit the game? (Confirm with "yes".)

Action                   || total
-------------------------++-------
Melee: Club              ||    16
       Unarmed           ||     3
 Cast: Sandblast         ||     8
 Abil: Heal Wounds       ||     1
 Stab: Sleeping          ||     1
Armor: Robe              ||     4
Dodge: Dodged            ||    27

Levels and vault maps discovered:
D:1:      dpeg_arrival_ratfight, layout_rooms, serial_curves, eino_curves_01,
          eino_curves_02

Notes
Turn   | Place    | Note
-------+----------+-------------------------------------------
     0 | D:1      | Irenicus the Deep Dwarf Earth Elementalist began the quest
                  | for the Orb.
     0 | D:1      | Reached XP level 1. HP: 15/15 MP: 3/3
    77 | D:1      | HP: 1/15 [quokka (4)]
    79 | D:1      | Quit the game

Vanquished Creatures
  A hobgoblin (D:1)
  A quokka (D:1)
  A ball python (D:1)
  A frilled lizard (D:1)
  5 rats (D:1)
9 creatures vanquished.

Table legend: (Time is in decaauts)
 A = Elapsed time spent in this place.
 B = Non-inter-level travel time spent in this place.
 C = Inter-level travel time spent in this place.
 D = Time resting spent in this place.
 E = Time spent auto-exploring this place.
 F = Levels seen in this place.
 G = Mean time per level.
                   A        B        C        D        E       F      G
               +--------+--------+--------+--------+--------+-----+--------+
         Total |     83 |     83 |      0 |      0 |      0 |   1 |   83.0 |
       Dungeon |     83 |     83 |      0 |      0 |      0 |   1 |   83.0 |
               +--------+--------+--------+--------+--------+-----+--------+

Top non-repeatable levels by time:
     D:1: 83 daAuts

Table legend:
 A = Non-vault XP
 B = Vault XP
 C = Vault XP percentage of total XP
 D = Non-vault monster count
 E = Vault monster count
 F = Vault count percentage of total count
                 A         B        C        D         E       F
            +---------+---------+-------+---------+---------+-------
      Total |       6 |       5 |  45.5 |       4 |       5 |  55.6
            +---------+---------+-------+---------+---------+-------
        D:1 |       6 |       5 |  45.5 |       4 |       5 |  55.6
            +---------+---------+-------+---------+---------+-------
